 Dungeon Crawl Stone Soup version 0.27-a0-419-g7a85846853 (webtiles) character file.

Game seed: 7039615582106659616

4040 Chiseanne the Skirmisher (level 10, 80/80 HPs)
             Began as a Demonspawn Wanderer on Feb 26, 2021.
             Quit the game on level 8 of the Dungeon.
             The game lasted 00:13:46 (9706 turns).

Chiseanne the Skirmisher (Demonspawn Wanderer)      Turns: 9706, Time: 00:13:47

Health: 80/80      AC: 23    Str: 14    XL:     10   Next: 4%
Magic:  10/10      EV:  4    Int: 14    God:
Gold:   435        SH: 10    Dex: 18    Spells: 9/9 levels left

rFire    . . .     SeeInvis .   a - +3 scimitar
rCold    . . .     Faith    .   d - +1 kite shield
rNeg     . . .     Spirit   .   I - +6 plate armour {ponderous}
rPois    .         Reflect  .   i - +1 helmet
rElec    .         Harm     .   h - +2 cloak
rCorr    .         Rampage  .   (no gloves)
Will     +....                  w - +0 pair of boots
Stlth    +.........             (no amulet)
HPRegen  0.23/turn              p - ring of willpower
MPRegen  0.24/turn              s - ring of flight

@: slow
A: thin skeletal structure 2, spiny 2, magic regeneration
a: Evoke Flight


You were on level 8 of the Dungeon.
You visited 2 branches of the dungeon, and saw 9 of its levels.
You also visited: Ossuary.

You collected 435 gold pieces.

Inventory:

Hand Weapons
 a - a +3 scimitar (weapon)
Missiles
 b - 24 arrows
 g - 48 poisoned darts (quivered)
 l - 227 stones
 m - 23 boomerangs
 t - 8 silver javelins
 u - 22 sling bullets
 v - 3 throwing nets
 x - 37 bolts
 A - 4 atropa-tipped darts
Armour
 d - a +1 kite shield (worn)
 h - a +2 cloak (worn)
 i - a +1 helmet (worn)
 n - a scarf of invisibility
 w - a +0 pair of boots (worn)
 I - a +6 plate armour of ponderousness (worn)
Jewellery
 p - a ring of willpower (left hand)
 q - an amulet of reflection
 r - a ring of magical power
 s - a ring of flight (right hand)
 B - an amulet of faith
 F - a +6 ring of intelligence
 G - a ring of protection from cold
 H - a ring of protection from fire
 M - a +6 ring of dexterity
Wands
 y - a wand of acid (5)
 D - a wand of polymorph (14)
 E - a wand of iceblast (2)
Scrolls
 k - 2 scrolls of identify
 C - 3 scrolls of teleportation
 K - a scroll of blinking {unknown}
Potions
 c - 2 potions of lignification
 e - 3 potions of heal wounds
 f - 4 potions of mutation
 j - 6 potions of curing
 o - 3 potions of might
 z - 2 potions of resistance
 J - a potion of ambrosia
 L - a potion of haste {unknown}


   Skills:
 * Level 7.7 Fighting
 - Level 3.6 Bows
 - Level 1.7 Armour
 * Level 6.6 Dodging
 - Level 6.1 Stealth
 * Level 3.2 Shields
 * Level 6.9 Evocations


You had 9 spell levels left.
You didn't know any spells.
Your spell library was empty.

Dungeon Overview and Level Annotations

Branches:
Dungeon (8/15)             Temple (1/1) D:5         Ossuary (visited)
   Lair: D:8-11

Altars:
Ashenzari
Cheibriados
Dithmenos
Fedhas
Hepliaklqana
Makhleb
Nemelex Xobeh
Qazlal
Ru
Sif Muna
Trog
Uskayaw
Vehumet
Wu Jian
Xom
Zin
The Shining One

Shops:
D:7 [

Annotations:
D:7 1 runed translucent door


Innate Abilities, Weirdness & Mutations

You have a moderately thin skeletal structure. (Dex +4, Stealth+)
You are mostly covered in sharp spines.
You regenerate magic rapidly.


Message History

You are too injured to fight recklessly!
You are too injured to fight recklessly!
You are too injured to fight recklessly!
You are too injured to fight recklessly!
You are too injured to fight recklessly!
You are too injured to fight recklessly!
You are too injured to fight recklessly!
You are too injured to fight recklessly!
You are too injured to fight recklessly!
You are too injured to fight recklessly!
You are too injured to fight recklessly!
You are too injured to fight recklessly!
You are too injured to fight recklessly!
You are too injured to fight recklessly!
You are too injured to fight recklessly!
You are too injured to fight recklessly!
You are too injured to fight recklessly!
You slash the orc priest!
The orc priest is severely wounded.
You block the orc priest's attack. x2
You slash the orc priest!
You kill the orc priest!
You see here a +0 dagger.
You see here a +0 dagger.
x - 37 bolts (gained 21)
Items here: )) [[.
Things that are here:
a +0 club; a +0 chain mail
Things that are here:
a +0 club; a +0 chain mail
Items here: )) [[.
You see here a +0 dagger.
You open the door.
There is an open door here.
You open the door.
There is a stone staircase leading down here.
You see here a +0 club.
Done exploring.
Done exploring.
Are you sure you want to abandon this character and quit the game? (Confirm with "yes".)

#.#............######......#.....
#.##.......#....#####..#.........
#...............+......#.#.......
.....##..[##....######.#.###.....
..........+...................>..
..........###.########.#...###.#.
........#####.......##†###.###...
#.......##.....####.##.....##....
#.......##.....#@.....)....##....
......####.....#.##........##....
......####.....#.##........#.....
...............#.##........#.....
.............≈.#..+........#.#..#
...........≈≈..####........#.....
###...≈≈≈.........)........#..)..
......≈≈≈......))..........#.....
[.....≈≈.......)....#+#'#....#...


There were no monsters in sight!

Vanquished Creatures
  Pikel (D:5)
  A torpor snail (D:7)
  A hornet (D:7)
  Grinder (D:4)
  Menkaure (D:6)
  A sky beast (D:5)
  2 orc warriors (D:6)
  A black bear (D:8)
  4 ogres
  2 centaurs
  2 lemures (D:4)
  5 bullfrogs
  2 scorpions
  3 killer bees (D:8)
  5 wights (D:8)
  An electric eel (D:8)
  2 quasits
  4 hounds
  A centaur skeleton (D:6)
  6 orc priests
  A bullfrog skeleton (D:6)
  Jessica (D:2)
  Terence (D:2)
  An iguana (D:8)
  3 orc wizards
  6 worker ants
  A hound zombie (D:6)
  4 hound skeletons
  A mummy (Ossuary)
  10 adders
  5 shadow imps
  2 white imps
  An adder zombie (D:5)
  4 worms
  A dart slug (D:4)
  6 leopard geckos
  29 orcs
  2 spectral bats (Ossuary)
  4 giant cockroaches
  12 gnoll zombies (Ossuary)
  8 goblins
  6 hobgoblins
  18 jackals
  2 quokkas
  2 ball pythons (D:1)
  8 bats
  A bat simulacrum (Ossuary)
  5 frilled lizards
  A giant cockroach zombie (D:6)
  6 goblin simulacra (Ossuary)
  7 goblin zombies (Ossuary)
  3 hobgoblin zombies (Ossuary)
  3 kobolds
  2 kobold simulacra (Ossuary)
  2 kobold zombies (Ossuary)
  6 orc zombies (Ossuary)
  7 rats
  3 rat simulacra (Ossuary)
  3 spectral goblins (Ossuary)
  2 spectral kobolds (Ossuary)
  7 spectral rats (Ossuary)
243 creatures vanquished.

Notes
Turn   | Place    | Note
-------+----------+-------------------------------------------
     0 | D:1      | Chiseanne the Demonspawn Wanderer began the quest for the
                  | Orb.
     0 | D:1      | Chiseanne set off with the following items: a +2 shortbow,
                  | 25 arrows, a potion of lignification, a +0 kite shield, a
                  | +0 robe
     0 | D:1      | Reached XP level 1. HP: 16/16 MP: 1/1
   179 | D:1      | Gained mutation: You have a somewhat thin skeletal
                  | structure. (Dex +2, Stealth) [demonic ancestry]
   179 | D:1      | Reached XP level 2. HP: 23/23 MP: 2/2
   254 | D:1      | Reached skill level 1 in Dodging
   745 | D:1      | Reached XP level 3. HP: 28/28 MP: 3/3
   904 | D:2      | Reached skill level 3 in Fighting
  1143 | D:2      | Found a radiant altar of Vehumet.
  1153 | D:2      | Gained mutation: You are partially covered in sharp spines.
                  | [demonic ancestry]
  1153 | D:2      | Reached XP level 4. HP: 30/35 MP: 4/4
  1163 | D:2      | Noticed Terence
  1172 | D:2      | Killed Terence
  1173 | D:2      | Reached skill level 1 in Evocations
  1486 | D:2      | Noticed Jessica
  1489 | D:2      | Killed Jessica
  1555 | D:2      | Reached XP level 5. HP: 41/41 MP: 5/5
  1840 | D:3      | Found a sparkling altar of Nemelex Xobeh.
  1917 | D:3      | Noticed a hornet
  2340 | D:3      | Found a sacrificial altar of Ru.
  2427 | D:3      | Found an ornate altar of the Wu Jian Council.
  2428 | D:3      | Found a glowing silver altar of Zin.
  2430 | D:3      | Found a broken altar of Ashenzari.
  2430 | D:3      | Found a bloodstained altar of Trog.
  2871 | D:4      | Noticed an ogre
  2876 | D:4      | Killed an ogre
  2877 | D:4      | Reached skill level 4 in Fighting
  2877 | D:4      | Reached XP level 6. HP: 39/48 MP: 6/6
  3132 | D:4      | Found a shadowy altar of Dithmenos.
  3166 | D:4      | Noticed Grinder
  3173 | D:4      | Killed Grinder
  3174 | D:4      | Gained mutation: You have a moderately thin skeletal
                  | structure. (Dex +4, Stealth+) [demonic ancestry]
  3174 | D:4      | Reached XP level 7. HP: 34/55 MP: 7/7
  3543 | D:5      | Entered Level 5 of the Dungeon
  3549 | D:5      | Found a staircase to the Ecumenical Temple.
  3564 | Temple   | Entered the Ecumenical Temple
  3991 | D:5      | Noticed Pikel
  4018 | D:5      | Killed Pikel
  4019 | D:5      | Reached skill level 5 in Fighting
  4019 | D:5      | Gained mutation: You are mostly covered in sharp spines.
                  | [demonic ancestry]
  4019 | D:5      | Reached XP level 8. HP: 62/62 MP: 8/8
  4782 | D:5      | Reached skill level 5 in Stealth
  4945 | D:6      | Reached skill level 6 in Fighting
  4948 | D:6      | Reached skill level 5 in Dodging
  4948 | D:6      | Reached skill level 5 in Evocations
  5142 | D:6      | Found a bloodstained altar of Trog.
  5201 | D:6      | Noticed Menkaure
  5203 | D:6      | Killed Menkaure
  5212 | D:6      | Found a sand-covered staircase.
  5217 | Ossuary  | Entered an ossuary
  5798 | D:6      | Gained mutation: You regenerate magic rapidly. [demonic
                  | ancestry]
  5798 | D:6      | Reached XP level 9. HP: 71/71 MP: 9/9
  6281 | D:6      | Found a snail-covered altar of Cheibriados.
  7343 | D:7      | You fall into a shaft and drop 1 floor!
  7417 | D:7      | Reached skill level 7 in Fighting
  7824 | D:7      | Found a runed translucent door.
  7824 | D:7      | Noticed a sixfirhy
  7961 | D:7      | Noticed Harold
  7962 | D:7      | Noticed Harold
  7962 | D:7      | Harold changed into Harold the torpor snail
  7972 | D:7      | Killed Harold the torpor snail
  8166 | D:7      | Found Buojalam's Antique Armour Emporium.
  9051 | D:8      | Reached XP level 10. HP: 76/80 MP: 10/10
  9706 | D:8      | Quit the game

Illustrated notes

Levels and vault maps discovered:
D:1:      lordsloth_arrival_two_stooges, layout_rooms, roderic_lattice_a,
          palyth_stone_intersect, minmay_misc_feat_hallway
D:2:      layout_basic, lemuel_round_altar, kennysheep_cluttered_room,
          uniq_terence, uniq_jessica
D:3:      layout_loops_ring, nicolae_overflow_crystal_walls,
          nicolae_ru_great_annihilating_truth,
          chequers_temple_overflow_statue_of_worship, lightli_corner_chamber
D:4:      layout_loops_ring, nicolae_dithmenos_the_darkroom, uniq_grinder
D:5:      layout_basic, minmay_temple_entry_drinking_statues, uniq_pikel
D:6:      layout_basic, cheibriados_altar_1, enter_ossuary_2,
          trog_three_pillars_becter, uniq_menkaure
D:7:      cheibrodos_shockbox, layout_cave_pods, serial_shops,
          kennysheep_little_box, uniq_harold
D:8:      layout_basic
Temple:   nicolae_temple_figure_zero

Skill      XL: |  1  2  3  4  5  6  7  8  9 |
---------------+----------------------------+-----
Dodging        | 1 2 3 4 5 6 |  6.6
Fighting       | 3 4 5 6 7 |  7.7
Evocations     | 1 2 3 4 5 6 |  6.9
Stealth        | 2 3 4 5 6 |  6.1
Shields        | 3 |  3.2
Bows           | |  3.6
Armour         | |  1.7

Action                   |  1- 3 |  4- 6 |  7- 9 | 10-12 || total
-------------------------+-------+-------+-------+-------++-------
Melee: Scimitar          |       |     4 |   227 |    26 ||   257
 Fire: Shortbow          |    80 |   137 |   113 |       ||   330
Throw: Dart              |       |       |    11 |       ||    11
Evoke: Wand              |       |       |     3 |       ||     3
  Use: Scroll            |       |     6 |    13 |       ||    19
       Potion            |       |     1 |     3 |       ||     4
 Stab: Sleeping          |       |       |    21 |       ||    21
       Distracted        |       |       |     1 |       ||     1
Armor: Robe              |     1 |       |       |       ||     1
       Ring mail         |       |    13 |    56 |       ||    69
       Plate armour      |       |       |    86 |    11 ||    97
Dodge: Dodged            |     5 |    24 |   130 |     5 ||   164
Block: Kite shield       |       |       |    62 |    14 ||    76
       Rpst.: Scimitar   |       |     1 |    37 |     1 ||    39

Table legend: (Time is in decaauts)
 A = Elapsed time spent in this place.
 B = Non-inter-level travel time spent in this place.
 C = Inter-level travel time spent in this place.
 D = Time resting spent in this place.
 E = Time spent auto-exploring this place.
 F = Levels seen in this place.
 G = Mean time per level.
                   A        B        C        D        E       F      G
               +--------+--------+--------+--------+--------+-----+--------+
         Total |  10047 |   9812 |    235 |   1544 |   6796 |  10 | 1004.7 |
       Dungeon |   9354 |   9119 |    235 |   1544 |   6330 |   8 | 1169.2 |
        Temple |    123 |    123 |      0 |      0 |    113 |   1 |  123.0 |
       Ossuary |    569 |    569 |      0 |      0 |    353 |   1 |  569.0 |
               +--------+--------+--------+--------+--------+-----+--------+

Top non-repeatable levels by time:
     D:6: 1864 daAuts
     D:8: 1344 daAuts
     D:7: 1303 daAuts
     D:5: 1257 daAuts
     D:3: 991 daAuts
     D:2: 890 daAuts
     D:4: 877 daAuts
     D:1: 825 daAuts
 Ossuary: 569 daAuts
  Temple: 123 daAuts
